 Dungeon Crawl Stone Soup version 0.30.1 (webtiles) character file.

Game seed: 18147594048229844390

349060 GeoRichter the Warrior (level 22, -6/148 HPs)
             Began as a Tengu Fighter on July 3, 2023.
             Was the Champion of Okawaru.
             Hit by a silver javelin thrown by a merfolk javelineer (10 damage)
             ... on level 2 of the Depths on July 4, 2023.
             The game lasted 01:37:27 (41572 turns).

GeoRichter the Warrior (Tengu Fighter)             Turns: 41572, Time: 01:37:28

Health: -6/148     AC: 19    Str: 18    XL:     22   Next: 18%
Magic:  8/10       EV: 27    Int: 19    God:    Okawaru [******]
Gold:   2608       SH: 26    Dex: 30    Spells: 26/33 levels left

rFire   + + .        a - +8 demon blade (antimagic)
rCold   + + +        y - +5 kite shield of Ollud {rC+ Regen+ rCorr}
rNeg    + . .        x - +0 ice dragon scales
rPois   +            K - +0 hat "Jykhlipta" {Drain rC+ Dex+4}
rElec   +            G - +0 cloak "Jubuxug" {Slay+3}
rCorr   +            c - +1 pair of gloves {hurl}
SInv    .            (boots unavailable)
Will    +++..        E - amulet of Gesiodoq {Reflect rPois rN+ Int+5 SH+5}
Stlth   +            V - ring "Qidyss" {rF+ rC+ Will+ Int+6}
HPRegen 2.04/turn    R - ring of Mutualism {Fire rElec Will+ rCorr Dex+2}
MPRegen 0.12/turn

%: reflection
@: marked, wereblooded, flying quickly and evasively, quick
A: beak, talons 3, nimble flight, fire resistance 1, regeneration 1, wild magic
1
}: 2/15 runes: serpentine, barnacled
a: Renounce Religion, Heroism, Finesse, Duel


You were on level 2 of the Depths.
You worshipped Okawaru.
Okawaru was exalted by your worship.
You visited 8 branches of the dungeon, and saw 39 of its levels.
You visited 1 bazaar.
You also visited: Sewer, Bailey, Ice Cave, Volcano and Wizlab.

You collected 6058 gold pieces.
You spent 3450 gold pieces at shops.

Inventory:

Hand Weapons
 a - a +8 antimagic demon blade (weapon)
   (Okawaru gifted it to you on level 2 of the Depths)
 b - a +5 scimitar of flaming
   (You took it off a wight on level 7 of the Dungeon)
 C - a +1 double sword of protection
   (Okawaru gifted it to you on level 2 of the Vaults)
 Z - the +7 captain's cutlass {speed, disarm}
   (You took it off a deep elf death mage on level 3 of the Elven Halls)
Missiles
 g - 30 javelins (quivered)
 N - 8 silver javelins
 Q - 2 curare-tipped darts {!f}
 Y - a throwing net {!f}
Armour
 c - a +1 pair of gloves of hurling (worn)
   (You found it on level 3 of the Snake Pit)
 r - the +0 cloak of the Doomed God {rCorr Str+4}
   (You found it in a wizard's laboratory)

   Str:       It affects your strength (+4).
   rCorr:     It protects you from acid and corrosion.
 x - +0 ice dragon scales (worn)
   (You found it in an ice cave)
 y - the +5 kite shield of Ollud (worn) {rC+ Regen+ rCorr}
   (You took it off Asterion on level 2 of the Elven Halls)

   rC:        It protects you from cold.
   Regen:     It increases your rate of health regeneration.
   rCorr:     It protects you from acid and corrosion.
 G - the +0 cloak "Jubuxug" (worn) {Slay+3}
   (You found it on level 11 of the Dungeon)

   Slay:      It affects your accuracy & damage with ranged weapons and melee
   (+3).
 K - the +0 hat "Jykhlipta" (worn) {Drain rC+ Dex+4}
   (Okawaru gifted it to you on level 2 of the Lair of Beasts)

   Dex:       It affects your dexterity (+4).
   rC:        It protects you from cold.
   Drain:     It drains your maximum health when unequipped.
 S - a +0 pair of gloves of strength
   (Okawaru gifted it to you on level 1 of the Elven Halls)
 W - the scarf "Matsyraz" {repulsion, Regen+}
   (Okawaru gifted it to you on level 3 of the Elven Halls)

   Regen:     It increases your rate of health regeneration.
Jewellery
 E - the amulet of Gesiodoq (around neck) {Reflect rPois rN+ Int+5 SH+5}
   (You bought it in a shop on level 2 of the Orcish Mines)

   [amulet of reflection]

   It reflects blocked missile attacks.
   Int:       It affects your intelligence (+5).
   rPois:     It protects you from poison.
   rN:        It protects you from negative energy.
   SH:        It affects your SH (+5).
 R - the ring of Mutualism (right hand) {Fire rElec Will+ rCorr Dex+2}
   (You bought it in a shop on level 12 of the Dungeon)

   [ring of fire]

   It enhances your fire magic.
   Dex:       It affects your dexterity (+2).
   rF:        It protects you from fire.
   rC:        It makes you vulnerable to cold.
   rElec:     It insulates you from electricity.
   rCorr:     It protects you from acid and corrosion.
   Will:      It increases your willpower.
 V - the ring "Qidyss" (left hand) {rF+ rC+ Will+ Int+6}
   (You bought it in a shop on level 3 of the Snake Pit)

   [ring of intelligence]

   Int:       It affects your intelligence (+6).
   rF:        It protects you from fire.
   rC:        It protects you from cold.
   Will:      It increases your willpower.
Wands
 n - a wand of mindburst (42)
   (You found it on level 2 of the Dungeon)
 z - a wand of flame (102)
   (You found it on level 8 of the Dungeon)
 F - a wand of light (9)
   (You found it on level 3 of the Elven Halls)
 L - a wand of polymorph (14)
   (You found it on level 3 of the Lair of Beasts)
 M - a wand of digging (13)
   (You found it on level 5 of the Lair of Beasts)
 O - a wand of iceblast (23)
   (You found it on level 5 of the Lair of Beasts)
Scrolls
 e - 8 scrolls of amnesia
 i - 11 scrolls of fear
 k - 6 scrolls of fog
 m - 3 scrolls of magic mapping
 p - 16 scrolls of teleportation {@r4}
 s - 6 scrolls of enchant armour
 u - 10 scrolls of noise {!r}
 B - 4 scrolls of blinking
 J - 9 scrolls of poison
 P - 3 scrolls of immolation {!r}
 X - 4 scrolls of vulnerability {!r}
Potions
 d - 6 potions of might
 f - 11 potions of curing {@q1}
 h - 11 potions of brilliance
 j - 11 potions of lignification {!q}
 o - 2 potions of invisibility
 q - 3 potions of attraction {!q}
 t - 6 potions of heal wounds {@q2}
 v - 8 potions of haste {@q3}
 w - 4 potions of cancellation
 A - 2 potions of resistance
 D - 4 potions of berserk rage
 H - 8 potions of mutation {!q}
 I - 6 potions of magic
 U - 6 potions of ambrosia
Miscellaneous
 T - a phial of floods
   (You found it on level 5 of the Lair of Beasts)


   Skills:
 + Level 18.8 Fighting
 - Level 16.0 Long Blades
 + Level 15.1 Throwing
 + Level 14.8 Armour
 + Level 15.5 Dodging
 - Level 14.1 Shields
 - Level 6.2 Spellcasting
 - Level 7.0 Conjurations
 - Level 9.0 Transmutations
 - Level 9.5 Invocations
 - Level 9.3 Evocations


You had 26 spell levels left.
You knew the following spells:

 Your Spells              Type           Power      Damage    Failure   Level
a - Wereblood             Tmut           51%        N/A       3%          2
b - Irradiate             Conj/Tmut      23%        3d19      56%         5

Your spell library contained the following spells:

 Spells                   Type           Power      Damage    Failure   Level
 Momentum Strike          Conj/Tloc      50%        3d9       26%         2
 Dazzling Flash           Conj/Hex       50%        N/A       45%         3
 Hailstorm                Conj/Ice       25%        3d7       45%         3
 Ignite Poison            Fire/Tmut/Pois 33%        N/A       50%         3
 Apportation              Tloc           14%        N/A       54%         1
 Freeze                   Ice            28%        1d5       54%         1
 Necrotise                Necr           28%        1d5       54%         1
 Cigotuvi's Dreadful Rot  Necr/Pois/Air  14%        N/A       69%         2
 Lesser Beckoning         Tloc           14%        N/A       69%         2
 Sublimation of Blood     Necr           7%         N/A       69%         2
 Ice Form                 Ice/Tmut       29%        N/A       71%         4
 Fulminant Prism          Conj/Hex       12%        3d9       83%         4
 Iskenderun's Mystic Bla  Conj/Tloc      25%        2d7       83%         4
 Frozen Ramparts          Ice            14%        1d3       88%         3
 Gell's Gravitas          Tloc           7%         N/A       88%         3
 Inner Flame              Hex/Fire       11%        N/A       88%         3
 Ozocubu's Armour         Ice            7%         N/A       88%         3
 Portal Projectile        Hex/Tloc       14%        N/A       88%         3
 Teleport Other           Tloc           7%         N/A       88%         3
 Vampiric Draining        Necr           7%         2d6       88%         3
 Volatile Blastmotes      Fire/Tloc      22%        2d11      88%         3
 Alistair's Intoxication  Tmut/Pois      19%        N/A       95%         5
 Yara's Violent Unravell  Hex/Tmut       14%        3d7       95%         5
 Anguish                  Hex/Necr       3%         N/A       99%         4
 Cause Fear               Hex            3%         N/A       99%         4
 Leda's Liquefaction      Hex/Erth       3%         N/A       99%         4
 Manifold Assault         Tloc           7%         N/A       99%         4
 Passage of Golubria      Tloc           7%         N/A       99%         4
 Agony                    Necr           7%         N/A       100%        5
 Freezing Cloud           Conj/Ice/Air   9%         6-21      100%        5
 Lee's Rapid Deconstruct  Erth           3%         3d5*      100%        5
 Silence                  Hex/Air        3%         N/A       100%        5
 Plasma Beam              Fire/Air       5%         2x1d17    100%        6
 Starburst                Conj/Fire      18%        6d7       100%        6
 Enfeeble                 Hex            3%         N/A       100%        7
 Ozocubu's Refrigeration  Ice            3%         4d8       100%        7
 Storm Form               Tmut/Air       14%        N/A       100%        7
 Maxwell's Capacitive Co  Air            3%         ∞         100%        8
 Necromutation            Tmut/Necr      14%        N/A       100%        8
 Chain Lightning          Conj/Air       12%        3d16      100%        9
 Fire Storm               Conj/Fire      18%        8d5       100%        9
 Shatter                  Erth           3%         3d7*      100%        9
 Call Canine Familiar     Summ           Unusable   N/A       N/A         3
 Summon Ice Beast         Ice/Summ       Unusable   N/A       N/A         4
 Summon Lightning Spire   Summ/Air       Unusable   N/A       N/A         4
 Summon Forest            Summ/Tloc      Unusable   N/A       N/A         5
 Malign Gateway           Summ/Tloc      Unusable   N/A       N/A         7
 Summon Hydra             Summ           Unusable   N/A       N/A         7

Dungeon Overview and Level Annotations

Branches:
Dungeon (15/15) Zot: 25729  Temple (0/1) D:7            Lair (5/5) D:11 Zot: 25059
 Shoals (4/4) Lair:2 Zot: 20421   Snake (4/4) Lair:2 Zot: 19869   Slime (0/5) Lair:5
    Orc (2/2) D:9 Zot: 10590     Elf (3/3) Orc:2 Zot: 14599  Vaults (4/5) D:14 Zot: 19576
  Crypt (0/3) Vaults:2     Depths (2/4) D:15 Zot: 10906   Sewer (visited)
 Bailey (visited)           IceCv (visited)         Volcano (visited)
 WizLab (visited)

Altars:
Ashenzari
Cheibriados
Elyvilon
Hepliaklqana
Kikubaaqudgha
Makhleb
Okawaru
Qazlal
Ru
Trog
Vehumet
Zin
Jiyva

Shops:
D:12 =*   Orc:2 (!==   Elf:1 ?*?:*   Elf:3 [   Snake:1 ?   Snake:2 :
Snake:3 :=   Vaults:3 :

Portals:
Hell: Depths:1
Abyss: Depths:1

Annotations:
D:6 2 transporters, GeoRichter's ghost, novice VSBr
D:7 1 runed translucent door, Pelmen's ghost, novice DrFE
Elf:1 6 runed translucent doors


Innate Abilities, Weirdness & Mutations

You have a beak for a mouth.
You have claws for feet.
Your magical nature lets you fly swiftly and evasively.
Your flesh is heat resistant. (rF+)
Your natural rate of healing is unusually fast.
Your spells are a little harder to cast, but a little more powerful.


Message History

You hear a deafening roar! x2; You hear two shouts!
You hear a shout! x3
You hear a horrible gurgling sound! x2; You hear an angry buzzing noise.
You hear a shout!
You hear two shouts!
You hear a shout! x5
The merfolk javelineer throws a silver javelin.
The silver javelin completely misses you.
You hear two shouts!
A stone giant comes into view.
The merfolk javelineer throws a silver javelin.
The silver javelin pierces through you but does no damage.
The silver sears you!
The merfolk javelineer throws a silver javelin.
The silver javelin closely misses you.
Found a potion of cancellation.
Found a stone staircase leading down.
The stone giant throws a large rock.
You block the large rock with an invisible shield... and reflect it back!
The large rock hits the stone giant!!!
The merfolk javelineer throws a silver javelin.
The silver javelin pierces through you!!
The silver sears you!
The merfolk javelineer throws a silver javelin.
The silver javelin closely misses you.
The stone giant throws a large rock.
The large rock hits you!!!
A stone giant comes into view.
You slice the merfolk javelineer!! You claw the merfolk javelineer.
Your peck misses the merfolk javelineer.
The merfolk javelineer is moderately wounded.
A water elemental comes into view.
The merfolk javelineer throws a silver javelin.
The silver javelin completely misses you.
You slice the merfolk javelineer!!
Your kick misses the merfolk javelineer.
The merfolk javelineer is heavily wounded.
You barely miss the merfolk javelineer. You claw the merfolk javelineer!
You peck the merfolk javelineer.
The merfolk javelineer is severely wounded.
The merfolk javelineer throws a silver javelin.
The silver javelin pierces through you! The silver sears you!
* * * LOW HITPOINT WARNING * * *
You are too injured to fight recklessly!
You are too injured to fight recklessly!
Casting: Wereblood (safe; 3% risk of failure)
Confirm with . or Enter, or press ? or * to list all spells.
Your blood is infused with primal strength.
The stone giant throws a large rock.
The large rock hits you!!
* * * LOW HITPOINT WARNING * * *
The stone giant throws a large rock.
The large rock hits you!!!
* * * LOW HITPOINT WARNING * * *
The merfolk javelineer throws a silver javelin.
The silver javelin pierces through you!
You die...

#'#...#+# #.......# ..
###...### .## ..'...+
C.# ~ ..##### #+#.## ~.
....# #....##.~. #...#
##+##......!.. #...#
#..~~..m~E.>.. #..####
#+#.~~~.@~~..... #..##.+
#.......~≈......
#.###.###.......C.......
..# #.##....##.#.~......
.## #..........#.~...#..
.# ##...................
.# #.......#..##.#......
.####......#####..##....
.##.....####


You could see 2 stone giants, a merfolk javelineer and a water elemental.

Vanquished Creatures
  Boris (twice) (Vaults:2 Vaults:4)
  Jorgrun (Shoals:1)
  Mlioglotl (Shoals:3)
  4 deep elf master archers (Elf:3)
  2 quicksilver dragons (Snake:4)
  Asterion (Elf:2)
  2 deep elf blademasters (Elf:3)
  A kraken (Shoals:1)
  Gastronok (Lair:2)
  Polyphemus (Shoals:2)
  A tentacled starspawn (WizLab)
  A sphinx (Vaults:2)
  2 nagarajas
  Donald (Shoals:1)
  6 deep elf sorcerers (Elf:3)
  7 vault wardens
  A fire giant (Vaults:3)
  2 frost giants
  Louise (Shoals:1)
  Aizul (Vaults:2)
  9 ironbound thunderhulks
  An orc warlord (Vaults:3)
  4 deep elf elementalists
  18 ironbound preservers
  12 very ugly things
  3 stone giants
  5 deep elf demonologists
  6 dire elephants
  6 deep elf annihilators (Elf:3)
  The ghost of Zyoritecu the Eclecticist, a journeyman DgEE (Orc:1)
  6 deep elf death magi
  3 ettins
  6 merfolk javelineers
  A blizzard demon (WizLab)
  Josephine (Orc:1)
  5 merfolk impalers
  3 fire dragons
  5 deep elf high priests
  11 yaktaur captains
  3 great orbs of eyes
  2 entropy weavers
  3 salamander tyrants (Snake:4)
  4 vault guards (D:14)
  Erolcha (D:10)
  4 ice dragons
  4 hydras
  4 rakshasas
  2 spriggan air magi (Depths:1)
  3 catoblepae
  11 naga warriors
  19 centaur warriors
  6 boulder beetles
  3 merfolk aquamancers (Shoals:4)
  6 anacondas
  A satyr (Shoals:2)
  2 death knights (Vaults:2)
  6 death yaks
  5 merfolk avatars
  5 ironbound frosthearts
  2 two-headed ogres
  2 tengu warriors
  27 dancing weapons
  10 naga sharpshooters
  A vampire mage (Depths:2)
  2 deep troll earth magi
  2 thrashing horrors (WizLab)
  A sun demon (Volcano)
  An orc high priest (Elf:1)
  9 shock serpents
  A soul eater (WizLab)
  4 skeletal warriors (D:13)
  23 deep elf knights
  8 hell knights
  2 salamander mystics
  2 iron trolls (Depths:1)
  A skyshark (Shoals:2)
  48 deep trolls
  A glowing orange brain (Depths:1)
  19 deep elf archers
  9 sea snakes
  An obsidian statue (WizLab)
  3 lindwurms (Vaults:2)
  5 ironbound convokers
  9 wizards
  4 naga ritualists
  3 orc knights (Orc:2)
  28 harpies
  5 mana vipers
  7 manticores
  A tengu zombie (Vaults:3)
  23 deep elf zephyrmancers
  20 deep elf pyromancers
  6 necromancers
  25 ugly things
  4 orc sorcerers
  A worldbinder (WizLab)
  13 cyclopes
  2 tengu skeletons
  A wolf spider (D:15)
  4 human zombies
  6 fauns
  11 salamanders
  6 elephants (Lair:5)
  4 merfolk sirens
  3 water nymphs
  8 naga magi
  14 vault sentinels
  A titan simulacrum (Vaults:3)
  32 black mambas
  6 guardian serpents
  A stone giant skeleton (Vaults:3)
  2 unseen horrors (D:11)
  An efreet (D:15)
  14 cane toads
  25 yaktaurs
  4 kobold demonologists (D:10)
  8 rime drakes
  7 komodo dragons
  A tengu conjurer (D:14)
  An ice devil (WizLab)
  A freezing wraith (D:14)
  A red devil (Volcano)
  A golden dragon simulacrum (Vaults:4)
  4 ancient zymes (WizLab)
  A queen bee (D:14)
  A hornet (Lair:5)
  29 merfolk
  A hellwing (WizLab)
  2 trolls
  A polar bear (Lair:4)
  3 meliai (D:14)
  4 wind drakes
  6 snapping turtles
  A tengu simulacrum (Vaults:3)
  A tarantella (shapeshifter) (D:13)
  11 blink frogs
  A raiju (WizLab)
  25 slime creatures
  A culicivora (Vaults:2)
  3 air elementals
  A centaur simulacrum (D:15)
  2 shadows
  8 wraiths
  7 water elementals
  2 large abominations (WizLab)
  2 wyverns
  31 yaks
  A ynoxinul (WizLab)
  2 vampires
  3 elf zombies
  7 basilisks
  A chaos spawn (WizLab)
  A redback (Vaults:2)
  2 steam dragons
  6 vampire mosquitoes
  4 spatial vortices (WizLab)
  2 wargs (Orc:1)
  An acid dragon (D:12)
  38 nagas
  An ogre zombie (Vaults:3)
  14 water moccasins
  2 hell hounds (Orc:2)
  2 sky beasts
  34 orc warriors
  A great orb of eyes simulacrum (IceCv)
  10 ogres
  12 wolves
  A blink frog skeleton (WizLab)
  A boggart (WizLab)
  33 centaurs
  3 phantoms
  2 slime creature simulacra (IceCv)
  8 kobold brigands
  12 bullfrogs
  2 gnoll sergeants
  A human skeleton (Vaults:3)
  2 glowing shapeshifter simulacra (IceCv)
  5 earth elementals
  6 scorpions
  9 wights
  20 killer bees
  2 howler monkeys
  4 hounds
  4 jellies
  13 orc priests
  3 iguanas
  17 orc wizards
  8 hell rats
  A shapeshifter simulacrum (IceCv)
  Robin (D:3)
  14 gnolls
  7 adders
  3 river rats
  2 shadow imps (D:6)
  2 white imps
  2 ufetubi
  2 worms
  A dart slug (D:2)
  69 orcs
  2 bat zombies (D:10)
  7 endoplasms
  4 giant cockroaches
  12 goblins
  14 hobgoblins
  10 jackals
  41 kobolds
  2 quokkas
  7 ball pythons
  6 bats
  3 frilled lizards
  11 rats
  3 tentacles (Shoals:1)
1411 creatures vanquished.

Vanquished Creatures (others)
  An eldritch tentacle (WizLab)
  A deep elf death mage (Elf:3)
  A naga warrior (Snake:1)
  3 deep elf knights (Elf:2)
  A wizard (Vaults:2)
  A deep elf archer (Elf:2)
  2 deep elf pyromancers (Elf:1)
  A deep elf zephyrmancer (Elf:2)
  A manticore (Shoals:3)
  A naga (Snake:2)
  An orc warrior (Elf:1)
  A centaur (D:8)
  An orc wizard (Elf:1)
  2 orcs
  A lurking horror (WizLab)
  9 tentacles (Shoals:1)
28 creatures vanquished.

Grand Total: 1439 creatures vanquished

Notes
Turn   | Place    | Note
-------+----------+-------------------------------------------
     0 | D:1      | GeoRichter the Tengu Fighter began the quest for the Orb.
     0 | D:1      | Reached XP level 1. HP: 14/14 MP: 2/2
    87 | D:1      | Reached XP level 2. HP: 19/19 MP: 3/3
   520 | D:1      | Reached XP level 3. HP: 23/23 MP: 4/4
  1010 | D:2      | Reached XP level 4. HP: 26/29 MP: 5/5
  1295 | D:3      | Noticed Robin
  1332 | D:3      | Killed Robin
  1862 | D:3      | Reached skill level 4 in Fighting
  1862 | D:3      | Gained mutation: Your magical nature lets you fly swiftly
                  | and evasively. [Tengu growth]
  1862 | D:3      | Reached XP level 5. HP: 33/33 MP: 6/6
  2041 | D:4      | Reached skill level 5 in Long Blades
  2100 | D:4      | Noticed an ogre
  2113 | D:4      | Killed an ogre
  2114 | D:4      | Reached XP level 6. HP: 32/39 MP: 7/7
  2431 | D:4      | Noticed a sky beast
  2514 | D:4      | Killed a sky beast
  2515 | D:4      | Reached skill level 5 in Fighting
  2515 | D:4      | Reached XP level 7. HP: 25/44 MP: 8/8
  2994 | D:5      | Entered Level 5 of the Dungeon
  3012 | D:5      | Noticed a yak
  3012 | D:5      | Noticed a yak
  3012 | D:5      | Noticed a yak
  3012 | D:5      | Noticed a yak
  3046 | D:5      | Found an iron altar of Okawaru.
  3055 | D:5      | Became a worshipper of Warmaster Okawaru
  3182 | D:5      | Noticed a yak
  3420 | D:5      | Found a glowing drain.
  3434 | D:5      | Reached * piety under Okawaru
  3435 | D:5      | Reached skill level 1 in Invocations
  3435 | D:5      | Reached XP level 8. HP: 51/51 MP: 9/9
  3436 | Sewer    | Entered a sewer
  3576 | D:5      | Killed a yak
  3577 | D:5      | Reached skill level 6 in Fighting
  3792 | D:5      | Killed a yak
  3805 | D:5      | Killed a yak
  3858 | D:4      | Killed a yak
  3987 | D:5      | Killed a yak
  3988 | D:5      | Reached XP level 9. HP: 41/56 MP: 12/12
  4098 | D:5      | Found a burning altar of Makhleb.
  4102 | D:5      | Reached ** piety under Okawaru
  4116 | D:5      | Reached skill level 10 in Long Blades
  4344 | D:6      | Reached skill level 7 in Fighting
  4525 | D:6      | Found a transporter.
  4570 | D:6      | Found a broken altar of Ashenzari.
  4657 | D:6      | Noticed GeoRichter's ghost (novice VSBr)
  4684 | D:6      | Found a transporter.
  4757 | D:6      | Reached skill level 1 in Evocations
  5687 | D:7      | Found a staircase to the Ecumenical Temple.
  5727 | D:7      | Found a flagged portal.
  5736 | Bailey   | Entered a bailey
  5743 | Bailey   | Noticed an orc knight
  6037 | D:7      | Found a runed translucent door.
  6040 | D:7      | Noticed Pelmen's ghost (novice DrFE)
  6111 | D:7      | Reached *** piety under Okawaru
  6112 | D:7      | Reached XP level 10. HP: 30/64 MP: 14/14
  6422 | D:7      | Reached skill level 1 in Dodging
  6447 | D:7      | Reached skill level 1 in Throwing
  6604 | D:7      | Identified the +8 war axe of Temperance {heavy, +Blink
                  | rElec Will- Str+3}
  7028 | D:8      | Found a radiant altar of Vehumet.
  7033 | D:8      | Reached skill level 8 in Fighting
  7165 | D:8      | Noticed a centaur warrior
  7165 | D:8      | Noticed a red ugly thing
  7165 | D:8      | Noticed a cyclops
  7165 | D:8      | Noticed a centaur warrior
  7165 | D:8      | Noticed a centaur warrior
  7165 | D:8      | Noticed a manticore
  7166 | D:8      | Noticed a manticore
  7284 | D:8      | Noticed a centaur warrior
  7284 | D:8      | Noticed a centaur warrior
  7370 | D:8      | Reached skill level 5 in Invocations
  7821 | D:9      | Found a glowing silver altar of Zin.
  7893 | D:9      | Found a hazy altar of Hepliaklqana.
  7968 | D:9      | Found a staircase to the Orcish Mines.
  7989 | D:9      | Found a bloodstained altar of Trog.
  8015 | D:9      | Reached **** piety under Okawaru
  8408 | D:9      | Found a snail-covered altar of Cheibriados.
  8754 | D:10     | Entered Level 10 of the Dungeon
  9052 | D:10     | Noticed a kobold demonologist
  9057 | D:10     | Noticed a kobold demonologist
  9061 | D:10     | Gained mutation: Armour fits poorly on your strangely
                  | shaped body. [a neqoxec]
  9062 | D:10     | Noticed a kobold demonologist
  9062 | D:10     | Gained mutation: You occasionally lose the ability to drink
                  | potions when taking damage. [a neqoxec]
  9063 | D:10     | Killed a kobold demonologist
  9064 | D:10     | Reached skill level 5 in Armour
  9064 | D:10     | Reached XP level 11. HP: 69/69 MP: 16/16
  9066 | D:10     | Noticed a soul eater
  9066 | D:10     | Noticed a sixfirhy
  9074 | D:10     | Found a white marble altar of Elyvilon.
  9089 | D:9      | Lost mutation: You occasionally lose the ability to drink
                  | potions when taking damage. [potion of mutation]
  9089 | D:9      | Lost mutation: Armour fits poorly on your strangely shaped
                  | body. [potion of mutation]
  9089 | D:9      | Gained mutation: Your natural rate of healing is unusually
                  | fast. [potion of mutation]
  9089 | D:9      | Gained mutation: Your flesh is heat resistant. (rF+)
                  | [potion of mutation]
  9089 | D:9      | Gained mutation: Your spells are a little harder to cast,
                  | but a little more powerful. [potion of mutation]
  9257 | D:10     | Found an ancient bone altar of Kikubaaqudgha.
  9340 | D:10     | Reached ***** piety under Okawaru
  9515 | D:10     | Noticed a two-headed ogre
  9523 | D:10     | Killed a two-headed ogre
  9626 | D:10     | Received a gift from Okawaru
  9768 | D:10     | Noticed Erolcha
  9783 | D:10     | Killed Erolcha
  9939 | D:10     | Found a sacrificial altar of Ru.
 10207 | D:11     | Noticed a cyclops
 10211 | D:11     | Killed a cyclops
 10212 | D:11     | Reached skill level 9 in Fighting
 10243 | D:11     | Received a gift from Okawaru
 10472 | D:11     | Found a staircase to the Lair.
 10540 | D:11     | Identified the +0 cloak "Jubuxug" {Slay+3}
 10640 | Lair:1   | Entered Level 1 of the Lair of Beasts
 10731 | Lair:1   | Reached skill level 5 in Dodging
 10762 | Lair:1   | Identified the +1 robe of Weponer {rF+ Dex+4}
 10863 | Lair:1   | Reached XP level 12. HP: 72/76 MP: 17/17
 10909 | Lair:1   | Received a gift from Okawaru
 11312 | Lair:1   | Reached skill level 5 in Throwing
 11555 | Lair:2   | Found a staircase to the Snake Pit.
 11761 | Lair:2   | Identified the +0 hat "Jykhlipta" {Drain rC+ Dex+4}
                  | (Okawaru gifted it to you on level 2 of the Lair of Beasts)
 11761 | Lair:2   | Received a gift from Okawaru
 11830 | Lair:2   | Found a staircase to the Shoals.
 11841 | Lair:2   | Noticed Gastronok
 12012 | Lair:2   | Noticed a boulder beetle
 12027 | Lair:2   | Killed a boulder beetle
 12083 | Lair:2   | Killed Gastronok
 12440 | Lair:2   | Reached skill level 10 in Fighting
 12492 | Lair:3   | Found a frozen archway.
 12512 | IceCv    | Entered an ice cave
 12901 | Lair:3   | Reached XP level 13. HP: 81/83 MP: 19/19
 12934 | Lair:3   | Identified the +2 demon trident "Xoceizurph" {pain, Will+
                  | SInv} (Okawaru gifted it to you on level 3 of the Lair of
                  | Beasts)
 12934 | Lair:3   | Received a gift from Okawaru
 13079 | Lair:3   | Reached skill level 11 in Fighting
 14815 | Lair:5   | Entered Level 5 of the Lair of Beasts
 14878 | Lair:5   | Received a gift from Okawaru
 15185 | Lair:5   | Received a gift from Okawaru
 15217 | Lair:5   | Reached skill level 12 in Fighting
 15290 | Lair:5   | Received a gift from Okawaru
 15446 | Lair:5   | Found a viscous altar of Jiyva.
 15447 | Lair:5   | Found a staircase to the Slime Pits.
 15489 | Lair:5   | Reached XP level 14. HP: 88/92 MP: 21/21
 15595 | Lair:5   | Received a gift from Okawaru
 15748 | Lair:5   | Paralysed by a hornet for 2 turns
 15765 | Lair:5   | HP: 4/92 [drowned by a drowned soul[a merfolk avatar] (12)]
 15834 | Lair:5   | Got the Vellum of Transition
 15841 | Lair:5   | Identified the +4 ring mail of Heresy {rPois}
 16361 | Orc:1    | Entered Level 1 of the Orcish Mines
 16459 | Orc:2    | Entered Level 2 of the Orcish Mines
 16511 | Orc:2    | Received a gift from Okawaru
 16604 | Orc:2    | Found a dark tunnel.
 16618 | Volcano  | Entered a volcano
 17026 | Orc:2    | Found a staircase to the Elven Halls.
 17119 | Orc:2    | Found Miotaum's Jewellery Shop.
 17119 | Orc:2    | Found Becaup's Distillery.
 17119 | Orc:2    | Found Koovaer's Weapon Shoppe.
 17123 | Orc:2    | Found Qoym's Jewellery Boutique.
 17128 | Orc:2    | Bought a potion of haste for 140 gold pieces
 17128 | Orc:2    | Bought a potion of heal wounds for 70 gold pieces
 17128 | Orc:2    | Bought a potion of resistance for 140 gold pieces
 17135 | Orc:2    | Bought the amulet of Gesiodoq {Reflect rPois rN+ Int+5
                  | SH+5} for 614 gold pieces
 17385 | Orc:1    | Reached skill level 13 in Fighting
 17427 | Orc:1    | Noticed Zyoritecu's ghost (journeyman DgEE)
 17482 | Orc:1    | Paralysed by an orc sorcerer for 5 turns
 17496 | Orc:1    | Noticed Josephine
 17516 | Orc:1    | Killed Josephine
 17679 | Orc:1    | Reached skill level 10 in Armour
 17750 | Orc:1    | Found a transporter.
 17857 | Orc:1    | Found a transporter.
 17980 | Orc:1    | Killed Zyoritecu's ghost
 17991 | Orc:1    | Received a gift from Okawaru
 18403 | D:12     | Found Xynow's Jewellery Boutique.
 18649 | D:12     | Found a glowing silver altar of Zin.
 18650 | D:12     | Found Zin's Purification Station.
 18850 | D:12     | Bought the ring of Mutualism {Fire rElec Will+ rCorr Dex+2}
                  | for 707 gold pieces
 18884 | D:13     | Received a gift from Okawaru
 19250 | D:13     | Received a gift from Okawaru
 19264 | D:13     | Reached XP level 15. HP: 62/100 MP: 23/23
 19891 | D:14     | Reached skill level 10 in Dodging
 19973 | D:14     | Reached skill level 14 in Fighting
 20043 | D:14     | Found a gate to the Vaults.
 20529 | D:14     | Found a stormy altar of Qazlal.
 20667 | D:15     | Entered Level 15 of the Dungeon
 20672 | D:15     | Identified the +0 chain mail of the Bulwark {-Cast rPois
                  | Str+2 Dex+3} (Okawaru gifted it to you on level 15 of the
                  | Dungeon)
 20672 | D:15     | Received a gift from Okawaru
 20770 | D:14     | Reached skill level 5 in Evocations
 21147 | D:15     | Reached ****** piety under Okawaru
 21351 | D:15     | Found a staircase to the Depths.
 21809 | Snake:1  | Entered Level 1 of the Snake Pit
 22188 | Snake:1  | Found Kufystrau's Magic Scroll Boutique.
 22196 | Snake:1  | Bought a scroll of brand weapon for 190 gold pieces
 22361 | Snake:1  | Found the +5 robe of Night {Dark Will+ SInv}
 22814 | Snake:2  | Received a gift from Okawaru
 22887 | Snake:2  | Reached skill level 15 in Fighting
 22887 | Snake:2  | Reached XP level 16. HP: 108/108 MP: 24/24
 22920 | Snake:2  | Reached skill level 10 in Throwing
 23068 | Snake:2  | Received a gift from Okawaru
 23254 | Snake:2  | Reached skill level 5 in Shields
 23254 | Snake:2  | Received a gift from Okawaru
 23273 | Snake:2  | Found Ceaneceg's Tremendous Tomes.
 23682 | Snake:3  | Noticed a nagaraja
 23700 | Snake:3  | Killed a nagaraja
 24421 | Snake:3  | Found Himamm's Jewellery Boutique.
 24421 | Snake:3  | Found Sieczi Otus's Book Emporium.
 24422 | Snake:3  | Found Nyucliar's Book Emporium.
 24449 | Snake:3  | Found a gateway to a bazaar.
 24512 | Bazaar   | Entered a bazaar
 24512 | Bazaar   | Found Unadio's Distillery.
 24512 | Bazaar   | Found Sutiag's Distillery.
 24512 | Bazaar   | Found Eguemmump's Magic Scroll Emporium.
 24512 | Bazaar   | Found Apsaliss's Armour Emporium.
 24512 | Bazaar   | Found Qyfoc's Armour Shoppe.
 24544 | Bazaar   | Bought 2 potions of might for 104 gold pieces
 24546 | Bazaar   | Bought a potion of haste for 110 gold pieces
 24934 | Snake:4  | Entered Level 4 of the Snake Pit
 25709 | Snake:4  | Identified a scroll of acquirement
 25710 | Snake:4  | Acquired a manual of Shields
 25718 | Snake:4  | Reached skill level 16 in Fighting
 25796 | Snake:4  | Noticed a nagaraja
 25801 | Snake:4  | Killed a nagaraja
 25801 | Snake:4  | Received a gift from Okawaru
 25962 | Snake:4  | Noticed a quicksilver dragon
 25962 | Snake:4  | Noticed a quicksilver dragon
 25970 | Snake:4  | Killed a quicksilver dragon
 25970 | Snake:4  | Received a gift from Okawaru
 25971 | Snake:4  | Reached XP level 17. HP: 89/115 MP: 22/25
 25975 | Snake:4  | Killed a quicksilver dragon
 26032 | Snake:4  | Got a serpentine rune of Zot
 26264 | Shoals:1 | Entered Level 1 of the Shoals
 26264 | Shoals:1 | Noticed Louise
 26273 | Shoals:1 | Killed Louise
 26285 | Shoals:1 | Noticed Jorgrun
 26304 | Shoals:1 | Killed Jorgrun
 26326 | Shoals:1 | Noticed Donald
 26344 | Shoals:1 | Killed Donald
 26496 | Shoals:1 | Noticed a kraken
 26615 | Shoals:1 | Killed a kraken
 27129 | Shoals:2 | Received a gift from Okawaru
 27237 | Shoals:2 | Reached skill level 10 in Shields
 27434 | Shoals:2 | Received a gift from Okawaru
 27548 | Shoals:2 | Noticed Polyphemus
 27559 | Shoals:2 | Killed Polyphemus
 27697 | Shoals:2 | Identified the +7 falchion "Gummazyt" {holy, Int+3 SInv}
                  | (Okawaru gifted it to you on level 2 of the Shoals)
 27697 | Shoals:2 | Received a gift from Okawaru
 28324 | Shoals:3 | Noticed Mlioglotl
 28329 | Shoals:3 | Noticed a bone dragon
 28335 | Shoals:3 | Noticed a tentacled starspawn
 28342 | Shoals:3 | Killed Mlioglotl
 28505 | Shoals:3 | Reached skill level 17 in Fighting
 28906 | Shoals:4 | Entered Level 4 of the Shoals
 29007 | Shoals:4 | Received a gift from Okawaru
 29157 | Shoals:4 | Learned a level 2 spell: Wereblood
 29257 | Shoals:4 | Reached XP level 18. HP: 114/123 MP: 26/26
 29260 | Shoals:4 | Reached skill level 1 in Transmutations
 29459 | Shoals:4 | Received a gift from Okawaru
 29557 | Shoals:4 | Got a barnacled rune of Zot
 30085 | Shoals:4 | Reached skill level 15 in Long Blades
 30336 | Elf:1    | Entered Level 1 of the Elven Halls
 30398 | Elf:1    | Found Moaj Giro's General Store.
 30805 | Elf:1    | Identified the +0 steam dragon scales of Tomorrow {+Inv
                  | Str+2}
 30867 | Elf:1    | Found Punuax's Assorted Antiques.
 30870 | Elf:1    | Found Ceoryrad's Book Shoppe.
 30870 | Elf:1    | Found Vufakh's Magic Scroll Emporium.
 30873 | Elf:1    | Found Ucoaph's Magic Scroll Shoppe.
 30873 | Elf:1    | Identified the +0 chain mail of Voownab {Drain Fly Int+9}
 30907 | Elf:1    | Reached skill level 5 in Transmutations
 31008 | Elf:1    | Noticed a Hell Sentinel
 31011 | Elf:1    | Noticed a Hell Sentinel
 31042 | Elf:1    | Found a runed translucent gate.
 31042 | Elf:1    | Found a runed translucent gate.
 31042 | Elf:1    | Found a runed translucent gate.
 31042 | Elf:1    | Found a runed translucent gate.
 31042 | Elf:1    | Found a runed translucent gate.
 31043 | Elf:1    | Found a runed translucent gate.
 31377 | Snake:3  | Bought the ring "Qidyss" {rF+ rC+ Will+ Int+6} for 751 gold
                  | pieces
 31697 | Elf:1    | Received a gift from Okawaru
 31750 | Elf:1    | Paralysed by an air elemental for 1 turns
 31844 | Elf:2    | Paralysed by an air elemental for 1 turns
 31885 | Elf:2    | Reached skill level 1 in Spellcasting
 32029 | Elf:2    | Found a runed translucent gate.
 32030 | Elf:2    | Found a runed translucent gate.
 32030 | Elf:2    | Found a runed translucent gate.
 32375 | Elf:2    | Reached XP level 19. HP: 104/127 MP: 27/27
 32415 | Elf:2    | Identified the +5 kite shield of Ollud {rC+ Regen+ rCorr}
 32415 | Elf:2    | Noticed Asterion
 32560 | Elf:2    | Killed Asterion
 32757 | Elf:2    | Identified the +1 falchion "Lacertilianslayer" {vamp, rF+
                  | Will+ Str+3 Int-2} (Okawaru gifted it to you on level 2 of
                  | the Elven Halls)
 32757 | Elf:2    | Received a gift from Okawaru
 33043 | Elf:3    | Entered Level 3 of the Elven Halls
 33279 | Elf:3    | Found Epanog's Armour Shop.
 33440 | Elf:3    | Reached skill level 5 in Spellcasting
 33719 | Elf:3    | Identified the +1 leather armour of Spite {rN+ Int+7 Dex+2
                  | Stlth-}
 33734 | Elf:3    | Identified the +8 broad axe of Mizxirut {flame, Str-3
                  | Int+4}
 33739 | Elf:3    | Identified the scarf "Matsyraz" {repulsion, Regen+}
                  | (Okawaru gifted it to you on level 3 of the Elven Halls)
 33739 | Elf:3    | Received a gift from Okawaru
 33885 | Elf:3    | Identified the +2 flail "Ukkur" {freeze, Int+4 Dex-5
                  | Stlth+}
 33900 | Elf:3    | Identified the ring of Yhiuba {Wiz Str+5}
 34064 | Elf:3    | Identified the +2 ring mail of Tortured the Leaf {rN+
                  | Str+4}
 34077 | Elf:3    | Identified the ring "Koxymudee" {Fire *Slow Str+5 Int+5}
 34200 | Elf:3    | Got the Tome of Combustion
 34234 | Elf:3    | Got Sif Muna's Volume of Flaming Relocation
 34347 | Elf:1    | Bought a scroll of acquirement for 624 gold pieces
 34347 | Elf:1    | Acquired 992 gold pieces
 34583 | Vaults:1 | Entered Level 1 of the Vaults
 34720 | Vaults:1 | Received a gift from Okawaru
 34722 | Vaults:1 | Reached XP level 20. HP: 134/134 MP: 28/28
 34784 | Vaults:1 | Received a gift from Okawaru
 35304 | Vaults:1 | Received a gift from Okawaru
 36181 | Vaults:2 | Found a staircase to the Crypt.
 36331 | Vaults:2 | Identified the +8 dagger "Wyojiwk" {elec, +Blink Fly Dex-2}
                  | (Okawaru gifted it to you on level 2 of the Vaults)
 36331 | Vaults:2 | Received a gift from Okawaru
 36416 | Vaults:2 | Noticed Boris
 36422 | Vaults:2 | Noticed Aizul
 36441 | Vaults:2 | Killed Boris
 36450 | Vaults:2 | Killed Aizul
 36694 | Vaults:2 | Reached skill level 18 in Fighting
 36991 | Vaults:2 | Received a gift from Okawaru
 37363 | Vaults:3 | Reached XP level 21. HP: 141/141 MP: 27/29
 37699 | Vaults:3 | Received a gift from Okawaru
 37762 | Vaults:3 | You are sucked into a shaft and drop 1 floor!
 38045 | Vaults:4 | Noticed Boris
 38056 | Vaults:4 | Killed Boris
 38380 | Vaults:3 | Found Soler's Book Boutique.
 38541 | Vaults:3 | Learned a level 5 spell: Irradiate
 38585 | Vaults:3 | Received a gift from Okawaru
 38595 | Vaults:3 | Reached skill level 1 in Conjurations
 38602 | Vaults:3 | Received a gift from Okawaru
 39054 | Vaults:4 | Reached skill level 15 in Dodging
 39551 | Depths:1 | Entered Level 1 of the Depths
 39702 | Depths:1 | Found a gateway to Hell.
 39729 | Depths:1 | Found a magical portal.
 39734 | WizLab   | Entered The Roulette of Golubria
 39734 | WizLab   | Found a transporter.
 39739 | WizLab   | Found the +2 cloak of the Thief {*Fog Slay-2 SInv Stlth+}
 39739 | WizLab   | Found a corrupted altar of Lugonu.
 39745 | WizLab   | Received a gift from Okawaru
 39761 | WizLab   | Reached skill level 5 in Conjurations
 39779 | WizLab   | Found a transporter.
 39839 | WizLab   | Found a transporter.
 39886 | WizLab   | Found a transporter.
 39894 | WizLab   | Found a transporter.
 39951 | WizLab   | Found a transporter.
 40020 | WizLab   | Found a transporter.
 40021 | WizLab   | Found a corrupted altar of Lugonu.
 40051 | WizLab   | Found a transporter.
 40072 | WizLab   | Found a transporter.
 40097 | WizLab   | Found a transporter.
 40114 | WizLab   | Got Sif Muna's Anthology of the Geodesic
 40289 | WizLab   | Found a transporter.
 40289 | WizLab   | Found a transporter.
 40305 | WizLab   | Got the Opusculum on the Excursion
 40317 | WizLab   | Found a transporter.
 40317 | WizLab   | Found a transporter.
 40340 | WizLab   | Found a transporter.
 40373 | WizLab   | Identified the +0 cloak of the Doomed God {rCorr Str+4}
 40375 | WizLab   | Found a transporter.
 40377 | WizLab   | Found a transporter.
 40467 | WizLab   | Found a transporter.
 40496 | WizLab   | Found a transporter.
 40496 | WizLab   | Found a transporter.
 40761 | Depths:1 | Received a gift from Okawaru
 40762 | Depths:1 | Reached XP level 22. HP: 138/148 MP: 32/32
 41013 | Depths:1 | Found a one-way gate to the infinite horrors of the Abyss.
 41322 | Depths:2 | Reached skill level 15 in Throwing
 41438 | Depths:2 | Received a gift from Okawaru
 41572 | Depths:2 | HP: 4/148 [stone giant/large rock (40)]
 41572 | Depths:2 | Hit by a silver javelin thrown by a merfolk javelineer

Illustrated notes

Levels and vault maps discovered:
D:1:      lightli_arrival_lavapool, layout_rooms, nicolae_hexahallways
D:2:      layout_basic, serial_bayou, serial_bayou_crossing,
          serial_bayou_pond_e, serial_bayou_pond_a, serial_bayou_pond_d,
          serial_bayou_pond_a
D:3:      minmay_angry_zag, layout_loops_ring, uniq_robin
D:4:      layout_cave_pools
D:5:      layout_basic, nicolae_overflow_crystal_walls,
          okawaru_ov_weapons_minmay, portal_sewer_entry_e
D:6:      layout_loops_corners, mainiacjoe_overflow_catwalk,
          gammafunk_ghost_arena
D:7:      layout_basic, minmay_temple_entry_slanted,
          ebering_ghost_reflecting_pool, enter_bailey_6
D:8:      layout_basic, vehumet_altar_wand_db, minmay_holes, minivault_12
D:9:      layout_loops_cross, worldfamousw_hep_ancestral_shrine,
          cheibrodos_worm_habitat, trog_book, lemuel_tele_altar
D:10:     layout_basic, mainiacjoe_overflow_brackets,
          lemuel_zombie_altar_kikubaaqudgha, mainiacjoe_overflow_chevrons,
          uniq_erolcha
D:11:     layout_roguey, lair_entry_dummy
D:12:     layout_irregular_city, serial_shops, shop, zin_purify
D:13:     layout_layer_cave
D:14:     layout_long_grid, lightli_vaults_fourway_checkpoint,
          nicolae_qazlal_eye_of_the_storm, special_room [special_room_bee]
D:15:     grunt_enter_depths_hoard, layout_loops_ring,
          chequers_serial_rivers_large_a
Lair:1:   layout_loops_ring
Lair:2:   layout_gridlike, minmay_shoals_entry_centaurs,
          minmay_snake_entry_spellcaster, uniq_gastronok
Lair:3:   layout_cave_pods, portal_ice_cave_rime
Lair:4:   layout_big_grid, minivault_23, columned_hall_lemuel,
          serial_bayou_lagoon_a
Lair:5:   gammafunk_lair_ancient_temple, layout_regular_city,
          nicolae_slime_entry_slimehenge, hibernation_bobbens
Shoals:1: layout_shoals, uniq_jorgrun, uniq_donald, uniq_louise
Shoals:2: layout_shoals, st_cyclops, uniq_polyphemus
Shoals:3: layout_shoals, uniq_mlioglotl
Shoals:4: shoals_end_hangedman, layout_shoals,
          nicolae_shoals_stone_sculpture_thing
Snake:1:  layout_gridlike, serial_shops, shop, serial_curves, eino_curves_03,
          eino_curves_03, grunt_megastairs_2
Snake:2:  layout_gridlike, nicolae_shop_i_like_big_books,
          nicolae_snake_round_shape_thing, grunt_megastairs_4
Snake:3:  layout_layer_cave, serial_shops, bzr_entry_safe, minmay_shop_grove
Snake:4:  hellmonk_snake_rune_quicksilver_temple, layout_cave_town
Orc:1:    layout_caves, gammafunk_ghost_arena, uniq_josephine
Orc:2:    st_orc_rangers, layout_caves, enter_volcano_3, basic_altar
Elf:1:    nicolae_elf_arrival_fired_up, layout_geoelf_grid, serial_shops, shop,
          orc_legates, fake_guardian_serpent_vault, minmay_shoptagon
Elf:2:    nicolae_elf_blades_crystal_corner, layout_geoelf_octagon,
          uniq_asterion
Elf:3:    minmay_elf_hall_furrowed, layout_rooms, serial_shops,
          nicolae_diamond_shop
Vaults:1: ontoclasm_vaults_spin, nicolae_vaults_circle_grid_a,
          nicolae_vaults_weapon_check, nicolae_vaults_cochlea,
          nicolae_vaults_two_Ls, ontoclasm_vaults_gateway,
          vaults_room_semicircle, nicolae_vaults_network_barrier,
          vaults_mumra_minichess_inversion, nicolae_vaults_heart-shaped_vault,
          layout_vaults_omnicross
Vaults:2: nicolae_vaults_meiosis, ontoclasm_vaults_bender, v_misc_1,
          nicolae_vaults_little_squares_4, hangedman_vaults_stagger,
          nicolae_vaults_hallways_thing, vaults_room_fancy_cross,
          ontoclasm_vaults_eye, blue_anna_dwarven_crypt, grunt_vaults_funnel,
          grunt_vaults_hallway_long, nicolae_vaults_diagonal_hallway_9,
          nicolae_vaults_specimen_jars, nicolae_vaults_border_crossing,
          layout_vaults_omnibox, uniq_boris, uniq_aizul
Vaults:3: vaults_room_hallway, v_rooms_6, nicolae_vaults_closet_pinwheel_4,
          vaults_mumra_chevron_long, nicolae_vaults_more_shelving_1,
          vaults_room_boxed, nicolae_vaults_house_1, v_rooms_3,
          layout_vaults_maze_snakey, serial_shops, nicolae_shop_back_alley_shop
Vaults:4: nicolae_vaults_twisting_passages, v_misc_14, v_misc_18,
          nicolae_vaults_house_1, nicolae_vaults_double_plus_2,
          nicolae_vaults_wine_cellar, vaults_dpeg_hooks, layout_vaults_omnigrid
Depths:1: layout_gridlike, mu_enter_wizlab_4, grunt_metal_band,
          abyss_entry_glasseish, abandoned_shop, kilobyte_mutagenic_chamber
Depths:2: nicolae_cairo_tiling_large, layout_cave_pools,
          kennysheep_big_empty_room, abyss_entry, hell_entry, pan_entry,
          evilmike_minifort

Skill      XL: |  1  2  3  4  5  6  7  8  9 10 11 12 13 14 15 16 17 18 19 20 21 22 |
---------------+-------------------------------------------------------------------+-----
Long Blades    | 3 4 5 6 8 9 11 12 13 14 15 16 | 16.0
Fighting       | 4 5 6 7 8 9 10 12 13 15 16 17 18 | 18.8
Invocations    | 1 3 4 5 6 7 8 9 |  9.5
Evocations     | 3 5 6 8 9 |  9.3
Dodging        | 3 5 6 8 9 10 11 12 13 14 15 | 15.5
Throwing       | 3 4 6 7 8 9 10 11 12 13 14 15 | 15.1
Armour         | 5 6 7 9 10 11 12 13 14 | 14.8
Shields        | 4 8 12 13 14 | 14.1
Transmutations | 7 9 |  9.0
Spellcasting   | 2 5 6 |  6.2
Conjurations   | 6 7 |  7.0

Action                     |  1- 3 |  4- 6 |  7- 9 | 10-12 | 13-15 | 16-18 | 19-21 | 22-24 || total
---------------------------+-------+-------+-------+-------+-------+-------+-------+-------++-------
  Melee: Long sword        |    91 |   122 |   249 |       |       |       |       |       ||   462
         Kick              |    11 |    32 |    95 |   208 |   458 |   505 |   693 |    69 ||  2071
         Peck              |    10 |    17 |    61 |   113 |   277 |   303 |   438 |    47 ||  1266
         Scimitar          |       |       |    53 |   533 |  1070 |  1121 |  1349 |   104 ||  4230
         Demon blade       |       |       |       |       |       |       |       |     9 ||     9
  Throw: Javelin           |     1 |    10 |    12 |    15 |    11 |    58 |    35 |     1 ||   143
         Dart              |       |       |       |    65 |    84 |       |       |       ||   149
   Cast: Wereblood         |       |       |       |       |       |     9 |    48 |     3 ||    60
 Invoke: Heroism           |       |       |     4 |     4 |    12 |    14 |     5 |     1 ||    40
         Finesse           |       |       |       |     2 |     2 |     2 |     1 |       ||     7
  Evoke: Wand              |       |       |     3 |    16 |     3 |       |     1 |       ||    23
         Phial of floods   |       |       |       |       |       |     1 |       |       ||     1
    Use: Potion            |       |     1 |     1 |     1 |     7 |       |     4 |       ||    14
         Scroll            |       |       |     8 |    13 |    11 |     7 |     7 |     5 ||    51
   Stab: Sleeping          |       |       |       |     2 |       |       |       |       ||     2
         Petrified         |       |       |       |       |     3 |     5 |       |       ||     8
         Held in net/web   |       |       |       |       |       |     2 |       |       ||     2
         Petrifying        |       |       |       |       |       |     1 |       |       ||     1
 Armour: Scale mail        |    56 |    38 |    52 |    10 |       |       |       |       ||   156
         Steam dragon scal |       |       |       |    63 |    45 |       |       |       ||   108
         Ring mail         |       |       |       |       |    63 |       |       |       ||    63
         Ice dragon scales |       |       |       |       |   107 |   152 |   185 |    25 ||   469
  Dodge: Dodged            |    42 |    43 |    80 |   261 |   732 |   647 |   688 |    70 ||  2563
  Block: Buckler           |    22 |    60 |   110 |   212 |   529 |       |       |       ||   933
         Reflection        |       |     1 |     7 |    16 |    52 |   127 |   115 |     3 ||   321
         Kite shield       |       |       |       |       |    95 |  1132 |  1427 |   130 ||  2784
